 Dungeon Crawl Stone Soup version 0.22-a0-525-gf69a080 (webtiles) character file.

39 saradell the Ruffian (level 3, -1/36 HPs)
             Began as a Troll Monk on June 20, 2018.
             Slain by a gnoll
             ... wielding a +0 whip
              (7 damage)
             ... on level 1 of the Dungeon on June 21, 2018.
             The game lasted 00:08:53 (934 turns).

saradell the Ruffian (Troll Monk)                    Turns: 934, Time: 00:08:54

Health: -1/36      AC:  5    Str: 20    XL:     3   Next: 28%
Magic:  2/2        EV: 10    Int:  6    God:
Gold:   78         SH:  0    Dex: 12    Spells: 2/2 levels left

rFire    . . .     SeeInvis .     - Unarmed
rCold    . . .     Gourm    +   (no shield)
rNeg     . . .     Faith    .   a - +0 robe
rPois    .         Spirit   .   (helmet restricted)
rElec    .         Reflect  .   (no cloak)
rCorr    .         Harm     .   (gloves unavailable)
MR       .....                  (boots unavailable)
Stlth    ++........             (no amulet)
HPRegen  0.52/turn              (no ring)
MPRegen  0.08/turn              (no ring)

@: no status effects
A: large, unfitting armour, claws 3, fast metabolism 3, gourmand, regeneration
1, shaggy fur 1, tough skin 2
a: no special abilities


You were on level 1 of the Dungeon.
You were not hungry.

You visited 1 branch of the dungeon, and saw 2 of its levels.

You collected 78 gold pieces.

Inventory:

Missiles
 d - 41 stones (quivered)
Armour
 a - a +0 robe (worn)
Scrolls
 c - 2 scrolls of identify {unknown}
 f - a scroll of amnesia {unknown}
 g - a scroll of remove curse {unknown}
 h - a scroll of magic mapping {unknown}
Potions
 e - a potion of haste {unknown}
Comestibles
 b - a ration


   Skills:
 + Level 2.7 Fighting
 + Level 2.8 Dodging
 + Level 1.1 Stealth
 + Level 3.6 Unarmed Combat


You had 2 spell levels left.
You didn't know any spells.
Your spell library was empty.

Dungeon Overview and Level Annotations

Branches:
Dungeon (2/15)

Altars:


Innate Abilities, Weirdness & Mutations

You are too large for most types of armour.
You have claws for hands.
Your metabolism is lightning-fast.
You like to eat raw meat.
Your natural rate of healing is unusually fast.
You are covered in fur. (AC +1)
You have very tough skin. (AC +2)


Message History

The gnoll closely misses you.
You scratch the gnoll.
The gnoll is almost dead.
The gnoll hits you.
You scratch the gnoll.
You kill the gnoll!
You see here a club.
There is a stone staircase leading down here.
You climb downwards.
The gnoll hits you! The gnoll hits you with a whip!
* * * LOW HITPOINT WARNING * * *
There is a stone staircase leading up, spattered with blood here.
The gnoll hits you.
* * * LOW HITPOINT WARNING * * *
The gnoll hits you with a whip.
* * * LOW HITPOINT WARNING * * *
You climb upwards.
There is a stone staircase leading down here.
You eat one of the 2 rations.
That ration really hit the spot!
The gnoll hits you with a whip!
You die...

#.# #.....#.# #.....
#.# #.#.###.# #.####
#.# ####.#.# #.# #.#
#.####.##.#.# #.# #.#
#....)#.....###.# #.#
####.###........# #.#
##.## ##.####### #.#
#.## ##g# #.# ##.##
##@## #.# #..###.#g#
#.#
#.#.#.###.#########.#
#.##.## ##...^...##.#
#.###.###.######.##.#
#.####.#.## #.##.####
#.......## #.##.....
######.## #.#####..
#.# #.# #.#


You could see 2 gnolls.

Vanquished Creatures
  2 gnolls (D:1)
  An ooze (D:1)
  A worm (D:2)
  A goblin (D:1)
  3 hobgoblins (D:1)
  A kobold (D:1)
  A bat (D:1)
  3 frilled lizards (D:1)
  3 rats (D:1)
16 creatures vanquished.

Notes
Turn   | Place    | Note
-------+----------+-------------------------------------------
     0 | D:1      | saradell the Troll Monk began the quest for the Orb.
     0 | D:1      | Reached XP level 1. HP: 22/22 MP: 0/0
   370 | D:1      | Reached XP level 2. HP: 27/29 MP: 1/1
   923 | D:1      | Reached XP level 3. HP: 24/36 MP: 2/2
   934 | D:1      | Slain by a gnoll

Vault maps used:
D:1:      nzn_arrival_crosshair
D:2:      first_ration, minmay_hedge_maze, nicolae_tso_swordbearing_angel

Action                   || total
-------------------------++-------
Melee: Unarmed           ||    42
       Punch             ||     2
 Stab: Sleeping          ||     1
  Eat: Ration            ||     2
Armor: Robe              ||    11
Dodge: Dodged            ||    13

Table legend:
 A = Spawn XP
 B = Non-spawn XP
 C = Spawn XP percentage of total XP
 D = Spawn monster count
 E = Non-spawn monster count
 F = Spawn count percentage of total count
 G = Total turns spent on level
                    A         B        C        D         E        F      G
               +---------+---------+-------+---------+---------+-------+---------
         Total |       0 |      57 |   0.0 |       0 |      16 |   0.0 |   934
               +---------+---------+-------+---------+---------+-------+---------
           D:1 |       0 |      52 |   0.0 |       0 |      15 |   0.0 |   914
           D:2 |       0 |       5 |   0.0 |       0 |       1 |   0.0 |    20
               +---------+---------+-------+---------+---------+-------+---------
